Map: At Eternity's Edge LE

Players

Ali (Nina)

  • Race: Zerg Zerg
  • League: Grandmaster

A.I. 1 (Medium) - Winner!

  • Race: Terran Terran

VOD

Have the link to the VOD?

Description

Time

  • Played on: Oct. 10, 2026, 1:59 p.m.
  • Length: 8:57
Show
View Real Time Build Order
Export as new Build Order

Ali Zerg 

Build Orders: 3 Hatch before Pool 

Get SALT Encoding   

  12  0:00  Drone  
  13  0:10  Drone  
  14  0:17  Overlord  
  14  0:27  Extractor  
  14  0:28  Drone  
  15  0:36  Drone x2  
  17  0:50  Hatchery  
  17  0:54  Drone  
  17  0:58  Drone  
  18  1:07  Drone  
  19  1:20  Hatchery  
  19  1:22  Drone  
  19  1:33  Spawning Pool  
  19  1:39  Drone  
  19  1:42  Drone  
  20  1:54  Drone  
  20  2:00  Drone  
  22  2:05  Drone  
  23  2:11  Drone  
  24  2:19  Drone  
  24  2:22  Drone  
  24  2:41  Drone x2  
  22  3:00  Drone  
  22  3:01  Drone  
  22  3:05  Drone x2  
  18  3:13  Drone x2  
  19  3:20  Drone  
  19  3:25  Drone  
  20  3:29  Drone  
  20  3:31  Drone  
  20  3:33  Drone  
  23  3:38  Drone  
  24  3:41  Drone  
  24  3:42  Drone  
  24  3:48  Drone x2  
  28  3:55  Drone x2  
  30  4:04  Drone x4  
  34  4:16  Overlord x2  
  34  4:35  Drone x7  
  41  4:52  Drone x4  
  45  5:05  Drone x2  
  45  5:06  Overlord x2  
  47  5:14  Drone  
  47  5:15  Drone  
  49  5:23  Drone  
  49  5:26  Drone x2  
  52  5:29  Hatchery  
  52  5:35  Drone x2, Hatchery  
  53  5:42  Drone x3  
  55  5:45  Drone  
  55  5:46  Hatchery x2  
  54  5:52  Drone  
  54  5:54  Drone  
  54  5:55  Hatchery  
  39  6:26  Drone  
  39  6:27  Drone x8  
  48  6:46  Drone x4  
  52  6:49  Drone x2  
  52  6:50  Drone  
  52  6:54  Drone  
  56  6:57  Extractor x2  
  56  6:58  Extractor  
  56  6:59  Extractor  
  56  7:00  Extractor, Drone  
  52  7:01  Extractor, Drone x2  
  52  7:04  Drone  
  54  7:09  Drone x2  
  54  7:13  Drone x4  
  54  7:14  Drone x4  
  54  7:15  Drone x2  
  66  7:19  Drone x2  
  68  7:33  Drone x4  
  68  7:34  Drone x4  
  78  7:37  Drone x5  
  78  7:38  Drone  
  78  7:41  Drone  
  83  7:52  Drone x8  
  83  7:54  Overlord x4  
  91  8:20  Drone  
  91  8:21  Drone x12  
  91  8:22  Drone x6  
  110  8:33  Overlord x3  
Show
View Real Time Build Order
Export as new Build Order

A.I. 1 (Medium) Terran - Winner!

Build Orders:  

Get SALT Encoding   

  12  0:00  SCV  
  13  0:13  SCV  
  14  0:18  Supply Depot  
  14  0:25  SCV  
  15  0:39  SCV  
  16  0:43  Barracks  
  16  0:48  Refinery  
  16  0:52  SCV  
  17  1:04  SCV  
  18  1:16  Supply Depot  
  18  1:30  Orbital Command  
  18  1:31  Marine  
  18  1:32  Barracks  
  19  1:42  Refinery  
  19  1:49  Barracks Tech Lab  
  19  2:08  Marauder, Supply Depot  
  21  2:18  Marine  
  22  2:29  SCV  
  25  2:30  Marauder  
  24  2:40  Marine  
  24  2:41  SCV  
  24  2:51  Marine  
  24  2:53  SCV  
  22  3:01  Marine  
  22  3:05  SCV  
  22  3:13  Marauder  
  22  3:17  SCV  
  22  3:23  Marine  
  23  3:29  SCV  
  24  3:34  Marauder  
  24  3:37  Supply Depot  
  26  3:41  SCV  
  26  3:44  Marine  
  26  3:47  Engineering Bay  
  28  3:54  SCV  
  28  3:55  Marine  
  30  4:06  SCV  
  31  4:14  Marauder  
  33  4:18  SCV  
  34  4:35  Marauder  
  36  5:15  Barracks Tech Lab, Marine  
  36  5:16  SCV  
  36  5:17  Factory  
  36  5:18  Missile Turret  
  36  5:20  Supply Depot  
  38  5:22  Factory  
  38  5:25  Missile Turret  
  38  5:33  Marine, Sensor Tower  
  39  5:54  Supply Depot  
  39  6:01  Widow Mine  
  39  6:02  Starport  
  41  6:05  Armory  
  41  6:09  Bunker, Factory Tech Lab  
  41  6:14  Marine  
  36  6:19  Command Center  
  36  6:22  Factory Tech Lab  
  36  6:25  Marine  
  31  6:37  Marine  
  32  6:41  Starport Tech Lab  
  32  6:49  Marauder  
  34  6:59  Marine  
  35  7:01  Raven  
  35  7:04  Barracks  
  37  7:11  Marauder  
  39  7:23  Siege Tank  
  42  7:32  SCV  
  42  7:34  Siege Tank  
  42  7:35  SCV, Raven  
  49  7:39  Missile Turret  
  49  7:43  Missile Turret  
  49  7:44  SCV  
  50  7:47  SCV  
  50  7:50  Barracks Reactor  
  51  7:55  Widow Mine  
  51  7:56  SCV  
  54  7:59  SCV  
  54  8:03  Bunker  
  55  8:08  SCV  
  55  8:11  SCV  
  57  8:20  SCV  
  57  8:23  SCV  
  59  8:32  SCV  
  60  8:35  SCV  
  61  8:44  SCV  
Tags
 
Add a new tag
Caveats
  • Supply blocks, unpowered buildings, or Contaminate may cause inaccurate times.
  • Supply counts are checked every 10 seconds.